 Dungeon Crawl Stone Soup version 0.25-a0-71-ge910a4a285 (webtiles) character file.

Game seed: 2011266372535655518, levelgen mode: deterministic

8520 monki the Fighter (level 11, -5/68 HPs)
             Began as an Octopode Chaos Knight on Nov 3, 2019.
             Was a Plaything of Xom.
             Killed from afar by a deep elf mage (26 damage)
             ... with an orb of energy
             ... on level 11 of the Dungeon.
             The game lasted 00:23:38 (13460 turns).

monki the Fighter (Octopode Chaos Knight)          Turns: 13460, Time: 00:23:39

Health: -5/68      AC:  1    Str: 13      XL:     11   Next: 32%
Magic:  14/14      EV: 20    Int: 14      God:    Xom [.*....]
Gold:   514        SH:  8    Dex: 18 (19) Spells: 14/14 levels left

rFire    . . .     SeeInvis .   C - +6 short sword of the Absolute Madman {pierce, *Corrode rC+ Dex+5}
rCold    + . .     Gourm    .   f - +3 buckler
rNeg     . . .     Faith    .   P - +2 hat {MR+}
rPois    .         Spirit   .   G - amulet of the acrobat
rElec    .         Reflect  .   D - ring of resist corrosion
rCorr    +         Harm     .   (no ring)
MR       +....     Rnd*Tele +   (no ring)
Stlth    +++.......             (no ring)
HPRegen  0.21/turn              (no ring)
MPRegen  0.14/turn              (no ring)
                                (no ring)
                                (no ring)

@: corroded
A: almost no armour, stealthy swim, amphibious, 8 rings, constrict 8, slimy
green scales 1, camouflage 1, blurry vision 1, deterioration 1, frail 2,
screaming 1, teleportitis 1, gelatinous body 1, no potion heal 1
a: Renounce Religion


You were on level 11 of the Dungeon.
You worshipped Xom.
You were a plaything of Xom.
You were very hungry.

You visited 1 branch of the dungeon, and saw 11 of its levels.
You also visited: Ossuary.

You collected 604 gold pieces.
You spent 90 gold pieces at shops.

Inventory:

Hand Weapons
 d - a +2 scimitar of holy wrath
 l - a +2 short sword of venom
 r - a +3 battleaxe of electrocution
 A - a +2 falchion of holy wrath
 C - the +6 short sword of the Absolute Madman (weapon) {pierce, *Corrode rC+ Dex+5}
   (You took it off an orc on level 4 of the Dungeon)

   It inflicts extra damage upon your enemies.
   It affects your dexterity (+5).
   It protects you from cold.
   It may corrode you when you take damage.
 H - a +2 dagger of venom
 M - a +2 vampiric falchion
 S - a +5 scimitar
Missiles
 e - 59 poisoned darts (quivered)
 J - 9 boomerangs
 N - 6 curare-tipped darts
Armour
 f - a +3 buckler (worn)
 P - a +2 hat of magic resistance (worn)
Jewellery
 D - a ring of resist corrosion (left tentacle)
 G - an amulet of the acrobat (around mantle)
Wands
 y - a wand of digging (3)
 B - a wand of iceblast (5)
 I - a wand of disintegration (11)
 K - a wand of paralysis (22)
 O - a wand of acid (10)
 Q - a wand of polymorph (5)
Scrolls
 a - a scroll of fear
 i - 4 scrolls of teleportation {@r3}
 m - 6 scrolls of remove curse {@r2}
 n - 4 scrolls of immolation
 o - a scroll of magic mapping
 p - 5 scrolls of amnesia
 t - 3 scrolls of enchant armour
 v - a scroll of brand weapon {unknown}
 z - a scroll of blinking
 E - a scroll of enchant weapon
 F - a scroll of fog
Potions
 c - 4 potions of lignification
 g - 4 potions of agility
 h - 6 potions of curing {@q1}
 j - 2 potions of ambrosia
 k - 3 potions of might
 q - 3 potions of haste
 s - 2 potions of cancellation
 u - a potion of invisibility
 w - a potion of heal wounds {unknown}
 x - 5 potions of flight
 L - a potion of mutation {unknown}
 R - a potion of resistance
Comestibles
 b - 28 rations


   Skills:
 - Level 12.0 Fighting
 - Level 3.0(4.7) Short Blades
 - Level 5.6(6.0) Long Blades
 + Level 9.2 Dodging
 - Level 4.0 Shields
 - Level 2.0 Spellcasting
 + Level 5.3 Evocations


You had 14 spell levels left.
You didn't know any spells.
Your spell library was empty.

Dungeon Overview and Level Annotations

Branches:
Dungeon (11/15)            Temple (0/1) D:5            Lair (0/6) D:9
    Orc (0/2) D:9         Ossuary (visited)

Altars:
Cheibriados
Kikubaaqudgha
Okawaru
Qazlal
Ru
Sif Muna
Vehumet
Wu Jian
Xom
Zin
The Shining One

Portals:
Gauntlet: D:11

Annotations:
D:3 1 runed translucent door, wazuzu's ghost, amateur DrFi
D:5 2 transporters


Innate Abilities, Weirdness & Mutations

You cannot wear most types of armour.
You are very stealthy in the water. (Stealth+)
You are amphibious.
You can wear up to eight rings at the same time.
You can use your tentacles to constrict eight enemies at once.
Your skin changes colour to match your surroundings (Stealth+).
Your rubbery body absorbs attacks. (AC +1, EV +1)
You are partially covered in slimy green scales. (AC +2)
Scrolls take you a little longer to read.
Your body sometimes deteriorates upon taking damage.
You are very frail. (-20% HP)
You occasionally shout uncontrollably at your foes.
You are occasionally teleported next to monsters.
Potions are less effective at restoring your health.


Message History

You are suddenly yanked towards a nearby monster!
Your surroundings suddenly seem different.
Xom thinks this is hilarious!
A deep elf mage comes into view.
It is wielding a +0 long sword of distortion.
Aiming: Disintegrate
Aim: a deep elf mage, wielding a +0 long sword of distortion and wearing a +0 scale mail (resting, chance to defeat MR: 69%)
The deep elf mage shouts!
The deep elf mage is blasted!
Aiming: Disintegrate
Aim: a deep elf mage, wielding a +0 long sword of distortion and wearing a +0 scale mail (moderately wounded, chance to defeat MR: 69%)
The deep elf mage struggles to resist.
The deep elf mage casts a spell at you. The magic dart hits you!
Your body deteriorates!
You feel clumsy.
Aiming: Disintegrate
Aim: a deep elf mage, wielding a +0 long sword of distortion and wearing a +0 scale mail (moderately wounded, chance to defeat MR: 69%)
The deep elf mage is blasted!!
The deep elf mage casts a spell at you. The orb of energy hits you!!
You die...

*,* **,** *,,, *,*
*,,* **** *,* **,*
*,,, *,*
########+#* *,,,
**,* #.........*
****,,, *,,*
#.........***,,+,,,
*,**
#.........**,,**,,,
*,*
#.....e...+,,***,,,
*,* #.@.......****
*,,, *,*
#.........* *,,,
*,* ########+#*
*,,, *,* **,,,,*
***** *,* *,,****
*,,,, *,* ***+****
*,*** *****+****
*,,,,,,* *,*
*,,,,,,,,* *,,,,,,*
**+*** *,,,,,,,,*
*,,,,,,* *,,,,,


You could see a deep elf mage.

Vanquished Creatures
  An unseen horror (D:8)
  An ugly thing (D:10)
  Joseph (D:8)
  A freezing wraith (D:10)
  A hornet (D:9)
  A meliai zombie (D:11)
  A hippogriff (D:10)
  A wraith (D:10)
  A hungry ghost (D:11)
  A hog (D:9)
  An acid dragon (D:11)
  2 soldier ants
  A water moccasin (D:9)
  7 orc warriors
  2 ice beasts
  2 black bears
  An eye of draining (D:8)
  3 phantoms
  A wolf (D:8)
  3 centaurs
  4 ogres
  2 big kobolds
  4 bullfrogs
  A wyvern skeleton (D:10)
  A killer bee (D:8)
  2 scorpions
  4 wights (D:10)
  2 electric eels (D:9)
  4 bullfrog zombies
  2 crimson imps (D:7)
  5 hounds
  A quasit (D:7)
  3 centaur zombies
  2 jellies
  2 centaur skeletons
  A bullfrog skeleton (D:6)
  10 orc priests
  A gnoll shaman (D:4)
  15 orc wizards
  13 mummies (Ossuary)
  6 iguanas
  5 worker ants
  4 killer bee zombies
  2 hound skeletons
  A howler monkey zombie (Ossuary)
  3 worker ant zombies (Ossuary)
  11 adders
  8 gnolls
  3 shadow imps
  An ooze (D:6)
  3 adder zombies (Ossuary)
  5 worms
  2 dart slugs
  7 leopard geckos
  44 orcs
  6 giant cockroaches
  4 goblins
  8 hobgoblins
  4 jackals (D:7)
  14 kobolds
  5 quokkas
  2 ball pythons
  10 bats
  4 frilled lizards
  A giant cockroach zombie (Ossuary)
  A jackal skeleton (D:7)
  A jackal zombie (Ossuary)
  A leopard gecko zombie (Ossuary)
  A quokka zombie (Ossuary)
  10 rats
289 creatures vanquished.

Vanquished Creatures (collateral kills)
  Grum (D:8)
  A sky beast (D:4)
  A wolf (D:8)
3 creatures vanquished.

Vanquished Creatures (others)
  4 withered plants (Ossuary)
4 creatures vanquished.

Grand Total: 296 creatures vanquished

Notes
Turn   | Place    | Note
-------+----------+-------------------------------------------
     0 | D:1      | monki the Octopode Chaos Knight began the quest for the
                  | Orb.
     0 | D:1      | Reached XP level 1. HP: 16/16 MP: 1/1
    87 | D:1      | You fall into a shaft and drop 1 floor!
   334 | D:2      | Reached XP level 2. HP: 21/21 MP: 2/2
   476 | D:1      | XOM: smoke on damage
   526 | D:1      | XOM: divination: detect creatures
   825 | D:1      | XOM: mild Pois miscast
   851 | D:1      | Reached XP level 3. HP: 24/27 MP: 3/3
  1037 | D:1      | XOM: mild Erth miscast
  1717 | D:2      | Reached skill level 4 in Fighting
  1782 | D:2      | XOM: cloud trail
  1866 | D:2      | You fall into a shaft and drop 1 floor!
  1891 | D:3      | XOM: cloud trail
  1911 | D:3      | Reached XP level 4. HP: 16/34 MP: 4/4
  2314 | D:3      | Found a runed translucent door.
  2314 | D:3      | Noticed wazuzu's ghost (amateur DrFi)
  2687 | D:3      | XOM: harmless Erth miscast
  2772 | D:3      | XOM is BORED!
  2772 | D:3      | XOM: noise
  2998 | D:3      | XOM: mild Erth miscast
  3022 | D:3      | Reached XP level 5. HP: 35/38 MP: 5/5
  3275 | D:2      | XOM: harmless Erth miscast
  3281 | D:2      | Reached skill level 5 in Fighting
  3432 | D:2      | Found a snail-covered altar of Cheibriados.
  3780 | D:2      | XOM: harmless Summ miscast
  3972 | D:3      | XOM: scenery: 1 doors close
  3985 | D:4      | Noticed an ogre
  3986 | D:4      | Noticed an ogre
  4170 | D:4      | XOM: divination: detect items
  4176 | D:4      | XOM: cast spell 'Summon Small Mammal'
  4274 | D:4      | Killed an ogre
  4274 | D:4      | Reached XP level 6. HP: 41/46 MP: 6/6
  4301 | D:4      | Reached skill level 6 in Fighting
  4489 | D:4      | Identified the +6 short sword of the Absolute Madman
                  | {pierce, *Corrode rC+ Dex+5}
  4696 | D:4      | Reached skill level 1 in Evocations
  4696 | D:4      | Reached XP level 7. HP: 48/53 MP: 7/7
  5056 | D:4      | XOM: summons 7 friendly demons
  5117 | D:4      | XOM: cast spell 'Summon Hydra'
  5145 | D:4      | XOM is BORED!
  5145 | D:4      | XOM: noise
  5213 | D:4      | Found a shimmering blue altar of Sif Muna.
  5214 | D:4      | Reached skill level 7 in Fighting
  5288 | D:5      | Entered Level 5 of the Dungeon
  5305 | D:5      | Reached skill level 5 in Dodging
  5321 | D:5      | Found a transporter.
  5322 | D:5      | Noticed a vampire
  5322 | D:5      | Noticed a vampire mosquito
  5323 | D:5      | Found an ornate altar of the Wu Jian Council.
  5460 | D:5      | Found a staircase to the Ecumenical Temple.
  5530 | D:5      | Found a transporter.
  5707 | D:5      | XOM: give mutations
  5707 | D:5      | Gained mutation: Your body sometimes deteriorates upon
                  | taking damage. [Xom's mischief]
  5707 | D:5      | Gained mutation: You are partially covered in slimy green
                  | scales. (AC +2) [Xom's mischief]
  5707 | D:5      | Gained mutation: Scrolls take you a little longer to read.
                  | [Xom's mischief]
  5707 | D:5      | Gained mutation: You are occasionally teleported next to
                  | monsters. [Xom's mischief]
  5813 | D:6      | Found Zin's Purification Station.
  5818 | D:6      | Found a sand-covered staircase.
  5822 | Ossuary  | Entered an ossuary
  5848 | Ossuary  | XOM: harmless Ice miscast
  5852 | Ossuary  | XOM: swap monsters
  5854 | Ossuary  | Reached XP level 8. HP: 35/60 MP: 10/10
  5893 | Ossuary  | XOM: severe Hex miscast
  6027 | Ossuary  | XOM: mild Air miscast
  6177 | Ossuary  | Reached skill level 8 in Fighting
  6322 | Ossuary  | XOM: confusion
  6371 | D:6      | Found a glowing silver altar of Zin.
  6374 | D:6      | Bought a potion of curing for 90 gold pieces
  6399 | D:6      | Found an iron altar of Okawaru.
  6407 | D:6      | XOM: confusion
  6588 | D:6      | XOM: swap monsters
  6593 | D:6      | Reached skill level 9 in Fighting
  6647 | D:6      | Reached XP level 9. HP: 68/68 MP: 11/11
  6748 | D:6      | XOM is BORED!
  6796 | D:6      | XOM: swap monsters
  6815 | D:6      | XOM: give mutations
  6815 | D:6      | Gained mutation: You are frail. (-10% HP) [Xom's mischief]
  6815 | D:6      | Gained mutation: You are very frail. (-20% HP) [Xom's
                  | mischief]
  6815 | D:6      | Gained mutation: You occasionally shout uncontrollably at
                  | your foes. [Xom's mischief]
  6815 | D:6      | Gained mutation: Potions are less effective at restoring
                  | your health. [Xom's mischief]
  7148 | D:6      | XOM: harmless Hex miscast
  7309 | D:7      | Reached skill level 1 in Shields
  7529 | D:7      | Reached skill level 10 in Fighting
  7978 | D:7      | XOM: god gift: glowing hat {god gift}
  8078 | D:7      | XOM: mild Erth miscast
  8214 | D:8      | XOM is BORED!
  8214 | D:8      | XOM: mild Chrm miscast
  8401 | D:8      | XOM: mild Erth miscast
  8421 | D:8      | Noticed Joseph
  8423 | D:8      | XOM: scenery: create altars
  8425 | D:8      | Killed Joseph
  8496 | D:8      | XOM: scenery: create altars
  8549 | D:8      | XOM: 1-stop teleportation journey
  8625 | D:8      | Killed an unseen horror
  8625 | D:8      | Reached skill level 11 in Fighting
  8625 | D:8      | Reached XP level 10. HP: 32/62 MP: 12/12
  8672 | D:8      | XOM: god gift: 35 gold pieces
  8842 | D:8      | Noticed Grum
  8855 | D:8      | XOM: butterfly on damage
  8861 | D:8      | Killed Grum
  8996 | D:8      | XOM: god gift: 28 gold pieces
  9668 | D:9      | XOM: god gift: scroll labeled ETEQOAJOCU {god gift}
  9776 | D:9      | Reached skill level 1 in Long Blades
  9853 | D:9      | XOM: polymorph eye of draining -> hog
  9862 | D:9      | XOM: potion effect (haste)
  9977 | D:9      | XOM: silly message
  9999 | D:9      | Reached skill level 1 in Spellcasting
 10028 | D:9      | XOM: chaos upgrade
 10578 | D:9      | Identified the +2 robe of Love and Death {rC+ Str+2}
 10646 | D:9      | XOM: 4-stop teleportation journey
 10743 | D:9      | Found a staircase to the Lair.
 10831 | D:9      | XOM: 1-stop teleportation journey
 10919 | D:9      | Found a stormy altar of Qazlal.
 10976 | D:9      | Found an ancient bone altar of Kikubaaqudgha.
 10976 | D:9      | Found a radiant altar of Vehumet.
 10976 | D:9      | Found a glowing golden altar of the Shining One.
 10979 | D:9      | Found a sacrificial altar of Ru.
 11013 | D:9      | XOM is BORED!
 11013 | D:9      | XOM: medium Chrm miscast
 11101 | D:9      | Found a staircase to the Orcish Mines.
 11291 | D:9      | XOM: summons 1 hostile demon
 11688 | D:10     | Entered Level 10 of the Dungeon
 11788 | D:10     | XOM: swap monsters
 11788 | D:10     | XOM: smoke on damage
 11825 | D:10     | XOM: medium Chrm miscast
 11904 | D:10     | Noticed a cyan ugly thing
 11909 | D:10     | XOM: confusion
 11916 | D:10     | Killed a cyan ugly thing
 11916 | D:10     | Reached XP level 11. HP: 45/68 MP: 14/14
 11916 | D:10     | XOM: medium Tloc miscast
 11964 | D:10     | XOM: harmless Tmut miscast
 11965 | D:10     | XOM: 1-stop teleportation journey
 12264 | D:10     | XOM: butterfly on damage
 12581 | D:10     | XOM: torment (35/68 hp)
 12754 | D:10     | Reached skill level 5 in Long Blades
 12754 | D:10     | Reached skill level 5 in Evocations
 12903 | D:10     | XOM: 5-stop teleportation journey
 13145 | D:10     | XOM: harmless Ice miscast
 13299 | D:10     | XOM: summons 5 hostile demons
 13398 | D:11     | XOM: noise
 13415 | D:11     | Reached skill level 12 in Fighting
 13440 | D:11     | Found a gate leading to a gauntlet.
 13458 | D:11     | Noticed a deep elf mage
 13460 | D:11     | Killed from afar by a deep elf mage

Levels and vault maps discovered:
D:1:      dpeg_arrival_chase, layout_basic, serial_curves, eino_curves_04,
          eino_curves_03, minmay_unequal
D:2:      layout_basic, nicolae_overflow_hidden_temple
D:3:      layout_basic, first_ration, hellmonk_ghost_happy_afterlife
D:4:      layout_rooms, tgw_sif
D:5:      layout_cave_pools, gammafunk_temple_overflow_arena, temple_fountains
D:6:      layout_basic, lemuel_round_altar, zin_purify, enter_ossuary_5
D:7:      layout_cave_pools
D:8:      minmay_skewed_foursquare, layout_loops_ring, uniq_grum, uniq_joseph
D:9:      layout_irregular_city, minitemple, dpeg_oklobed_lair, erik_orc_2,
          hangedman_pestilent_swarm
D:10:     layout_stronghold
D:11:     layout_roguey, gauntlet_entry_generic

Skill      XL: |  1  2  3  4  5  6  7  8  9 10 11 |
---------------+----------------------------------+-----
Fighting       | 4 5 6 7 9 11 12 | 12.0
Dodging        | 3 4 5 6 8 9 |  9.2
Evocations     | 1 2 3 4 5 |  5.3
Shields        | 4 |  4.0
Long Blades    | 4 5 |  5.6
Spellcasting   | 2 |  2.0
Short Blades   | |  3.0

Action                   |  1- 3 |  4- 6 |  7- 9 | 10-12 || total
-------------------------+-------+-------+-------+-------++-------
Melee: Short sword       |    36 |     9 |   261 |   336 ||   642
       Constrict         |    28 |    28 |    55 |    69 ||   180
       Tentacles         |    12 |    24 |    63 |   100 ||   199
       Dagger            |    54 |    72 |       |       ||   126
       Falchion          |       |    23 |     5 |       ||    28
       Scimitar          |       |       |       |    17 ||    17
Throw: Dart              |       |     5 |       |       ||     5
Evoke: Wand              |       |    15 |    10 |    20 ||    45
  Use: Scroll            |       |     5 |    14 |     6 ||    25
       Potion            |       |       |     1 |     5 ||     6
 Stab: Sleeping          |     3 |     7 |     8 |     9 ||    27
       Distracted        |       |       |     2 |     1 ||     3
       Confused          |       |       |     2 |       ||     2
       Paralysed         |       |       |       |     8 ||     8
  Eat: Chunk             |     2 |    10 |    23 |     8 ||    43
Armor: Skin              |     9 |     7 |    24 |    55 ||    95
Dodge: Dodged            |    42 |    55 |   140 |   210 ||   447
Block: Buckler           |     9 |    11 |    43 |   102 ||   165
       Rpst.: Falchion   |       |     5 |     3 |       ||     8

Table legend:
 A = Non-vault XP
 B = Vault XP
 C = Vault XP percentage of total XP
 D = Non-vault monster count
 E = Vault monster count
 F = Vault count percentage of total count
                 A         B        C        D         E       F
            +---------+---------+-------+---------+---------+-------
      Total |    9445 |    2727 |  22.4 |     227 |      65 |  22.3
            +---------+---------+-------+---------+---------+-------
        D:1 |      27 |       4 |  12.9 |      16 |       2 |  11.1
        D:2 |      69 |       0 |   0.0 |      21 |       0 |   0.0
        D:3 |     126 |       0 |   0.0 |      27 |       0 |   0.0
        D:4 |     698 |      35 |   4.8 |      28 |       1 |   3.4
        D:5 |     112 |       0 |   0.0 |      10 |       0 |   0.0
        D:6 |     999 |       0 |   0.0 |      17 |       0 |   0.0
        D:7 |     763 |       0 |   0.0 |      28 |       0 |   0.0
        D:8 |    1456 |     826 |  36.2 |      18 |       6 |  25.0
        D:9 |    1271 |    1152 |  47.5 |      25 |      25 |  50.0
       D:10 |    3127 |       0 |   0.0 |      30 |       0 |   0.0
       D:11 |     797 |       0 |   0.0 |       7 |       0 |   0.0
    Ossuary |       0 |     710 | 100.0 |       0 |      31 | 100.0
            +---------+---------+-------+---------+---------+-------
